 Dungeon Crawl Stone Soup version 0.21-a0-621-gc60411f (webtiles) character file.

662 Gaball the Shield-Bearer (level 7, -4/60 HPs)
             Began as a Gnoll Fighter on Dec 23, 2017.
             Was a Believer of Lugonu.
             Killed from afar by Ijyb (11 damage)
             ... with a wand of acid (6)
             ... on level 4 of the Dungeon.
             The game lasted 00:05:48 (3437 turns).

Gaball the Shield-Bearer (Gnoll Fighter)            Turns: 3437, Time: 00:05:49

Health: -4/60      AC:  7    Str: 25    XL:     7   Next: 56%
Magic:  10/10      EV: 10    Int: 10    God:    Lugonu [**....]
Gold:   186        SH: 11    Dex: 15    Spells: 11/11 levels left

rFire    + . .     SeeInvis .   a - +0 long sword
rCold    . . .     Gourm    .   c - +0 shield
rNeg     . . .     Faith    .   p - +0 scale mail {rF+}
rPois    .         Spirit   .   y - +0 helmet (curse)
rElec    .         Reflect  .   n - +0 cloak
rCorr    .         Harm     .   q - +0 pair of gloves
MR       .....                  (no boots)
Stlth    +.........             (no amulet)
HPRegen  0.20/turn              (no ring)
MPRegen  0.12/turn              (no ring)

@: mighty, corroded
A: distributed training, fangs 1, strong nose
a: Depart the Abyss, Bend Space, Renounce Religion


You were on level 4 of the Dungeon.
You worshipped Lugonu.
Lugonu was pleased with you.
You were hungry.

You visited 1 branch of the dungeon, and saw 4 of its levels.

You collected 186 gold pieces.

Inventory:

Hand Weapons
 a - a +0 long sword (weapon)
Armour
 b - a +0 scale mail
 c - a +0 shield (worn)
 n - a +0 cloak (worn)
 p - a +0 scale mail of fire resistance (worn)
 q - a +0 pair of gloves (worn)
 y - a cursed +0 helmet (worn)
Jewellery
 h - an uncursed ring of poison resistance {unknown}
 l - an uncursed ring of resist corrosion {unknown}
 s - a +5 ring of protection {unknown}
Wands
 v - a wand of random effects (17)
Scrolls
 e - 2 scrolls of identify {unknown}
 g - 3 scrolls of remove curse {unknown}
 i - 2 scrolls of blinking {unknown}
 m - a scroll of teleportation {unknown}
 r - 3 scrolls of random uselessness {unknown}
 t - a scroll of immolation {unknown}
 x - a scroll of magic mapping {unknown}
Potions
 d - a potion of might
 j - a potion of agility
 k - 3 potions of curing {unknown}
 o - a potion of brilliance {unknown}
 w - 2 potions of lignification {unknown}
Comestibles
 f - 4 rations
 z - 3 chunks of flesh


   Skills:
 + Level 7.0 Fighting
 + Level 2.5 Short Blades
 + Level 5.2 Long Blades
 + Level 2.5 Axes
 + Level 2.5 Maces & Flails
 + Level 2.5 Polearms
 + Level 2.5 Staves
 + Level 2.5 Slings
 + Level 2.5 Bows
 + Level 2.5 Crossbows
 + Level 2.5 Throwing
 + Level 7.0 Armour
 + Level 2.5 Dodging
 + Level 2.5 Stealth
 + Level 7.0 Shields
 + Level 2.5 Unarmed Combat
 + Level 2.5 Spellcasting
 + Level 2.0 Conjurations
 + Level 2.0 Hexes
 + Level 2.0 Charms
 + Level 2.0 Summonings
 + Level 2.0 Necromancy
 + Level 2.0 Translocations
 + Level 2.0 Transmutations
 + Level 2.0 Fire Magic
 + Level 2.0 Ice Magic
 + Level 2.0 Air Magic
 + Level 2.0 Earth Magic
 + Level 2.0 Poison Magic
 + Level 2.8 Invocations
 + Level 2.5 Evocations


You had 11 spell levels left.
You didn't know any spells.

Dungeon Overview and Level Annotations

Branches:
Dungeon (4/15)             Temple (0/1) D:4

Altars:
Lugonu

Annotations:
D:4 Ijyb


Innate Abilities, Weirdness & Mutations

Your experience applies equally to all skills.
You have very sharp teeth.
Your uncanny sense of smell can sniff out nearby items.


Message History

Your Earth Magic skill increases to level 2!
Your Poison Magic skill increases to level 2!
Ijyb zaps a wand.
The bolt of acid hits you!
* * * LOW HITPOINT WARNING * * *
The acid corrodes you!
You are splashed with acid!
The acid burns!
* * * LOW HITPOINT WARNING * * *
You feel very mighty all of a sudden. You block Ijyb's attack.
You slash Ijyb!
Ijyb is almost dead.
Ijyb drinks a potion.
Ijyb is healed!
You closely miss Ijyb. You block Ijyb's attack.
You slash Ijyb! Your bite misses Ijyb.
Ijyb is heavily wounded.
Ijyb hits you but does no damage.
You closely miss Ijyb.
Ijyb is heavily wounded.
Ijyb screams, "I cut your head off!"
Ijyb zaps a wand.
The bolt of acid hits you!
You die...

#..# ##.### #.... ##.# ##....##
#.... #.## #......###.... #..#
##.....>.#..... ##)#
#............)O #.##
##.............. ##.#
#...).........># #(#
########..............#
#.###.....@g.............##
##.##......≈≈≈≈≈.(.......#
###.(##....≈≈≈≈≈≈≈≈≈........
##.....#..≈≈≈≈≈≈≈≈≈≈≈≈≈....#.
###........≈≈≈≈≈≈...≈≈≈≈≈≈....#
##..........≈≈≈≈≈≈.>.≈≈≈≈≈≈....#
#...........≈≈≈≈≈≈...≈≈≈≈≈≈[..##
#...........≈≈≈≈≈≈≈≈≈≈≈≈≈
#............≈≈≈≈≈≈≈≈


You could see Ijyb.

Vanquished Creatures
  Menkaure (D:4)
  2 ogres (D:4)
  An orc priest (D:3)
  2 orc wizards (D:3)
  A bullfrog skeleton (D:4)
  Natasha (thrice) (D:3)
  3 gnolls (D:2)
  7 adders
  An ooze (D:3)
  4 worms
  A leopard gecko (D:3)
  4 orcs
  3 giant cockroaches
  7 goblins
  7 hobgoblins
  3 jackals (D:3)
  6 kobolds
  3 quokkas
  4 ball pythons
  14 bats
  4 frilled lizards
  7 rats
88 creatures vanquished.

Notes
Turn   | Place    | Note
-------+----------+-------------------------------------------
     0 | D:1      | Gaball the Gnoll Fighter began the quest for the Orb.
     0 | D:1      | Reached XP level 1. HP: 23/23 MP: 1/1
   133 | D:1      | Reached XP level 2. HP: 29/29 MP: 2/2
  1089 | D:2      | Reached XP level 3. HP: 28/35 MP: 3/3
  1133 | D:2      | Reached skill level 1 in Invocations
  1277 | D:1      | Reached skill level 1 in Short Blades
  1277 | D:1      | Reached skill level 1 in Axes
  1277 | D:1      | Reached skill level 1 in Maces & Flails
  1277 | D:1      | Reached skill level 1 in Polearms
  1277 | D:1      | Reached skill level 1 in Staves
  1277 | D:1      | Reached skill level 1 in Slings
  1277 | D:1      | Reached skill level 1 in Bows
  1277 | D:1      | Reached skill level 1 in Crossbows
  1277 | D:1      | Reached skill level 1 in Throwing
  1277 | D:1      | Reached skill level 1 in Dodging
  1277 | D:1      | Reached skill level 1 in Stealth
  1277 | D:1      | Reached skill level 1 in Unarmed Combat
  1277 | D:1      | Reached skill level 1 in Spellcasting
  1277 | D:1      | Reached skill level 1 in Evocations
  1277 | D:1      | Reached XP level 4. HP: 15/41 MP: 5/5
  1817 | D:2      | Reached skill level 1 in Conjurations
  1817 | D:2      | Reached skill level 1 in Hexes
  1817 | D:2      | Reached skill level 1 in Charms
  1817 | D:2      | Reached skill level 1 in Summonings
  1817 | D:2      | Reached skill level 1 in Necromancy
  1817 | D:2      | Reached skill level 1 in Translocations
  1817 | D:2      | Reached skill level 1 in Transmutations
  1817 | D:2      | Reached skill level 1 in Fire Magic
  1817 | D:2      | Reached skill level 1 in Ice Magic
  1817 | D:2      | Reached skill level 1 in Air Magic
  1817 | D:2      | Reached skill level 1 in Earth Magic
  1817 | D:2      | Reached skill level 1 in Poison Magic
  2128 | D:2      | Reached XP level 5. HP: 47/47 MP: 6/6
  2482 | D:3      | Found a faded altar of an unknown god.
  2492 | D:3      | Noticed Natasha
  2501 | D:3      | Killed Natasha
  2511 | D:3      | Became a worshipper of Lugonu the Unformed
  2511 | D:3      | Reached * piety under Lugonu
  2511 | D:3      | Reached ** piety under Lugonu
  2702 | D:3      | Reached XP level 6. HP: 42/53 MP: 8/8
  2879 | D:3      | Noticed Natasha
  2888 | D:3      | Killed Natasha
  2888 | D:3      | Reached skill level 5 in Long Blades
  2898 | D:3      | Noticed Natasha
  2912 | D:3      | Killed Natasha
  3331 | D:4      | Reached XP level 7. HP: 56/59 MP: 10/10
  3348 | D:4      | Noticed Menkaure
  3389 | D:4      | Killed Menkaure
  3406 | D:4      | Found a staircase to the Ecumenical Temple.
  3416 | D:4      | Noticed Ijyb
  3437 | D:4      | Killed from afar by Ijyb

Vault maps used:
D:1:      lightli_arrival_noodles, palyth_stone_intersect
D:2:      minmay_misc_feat_cross
D:3:      chequers_ecumenical_altar_simple, hangedman_decor_points, uniq_natasha
D:4:      temple_pool_b, first_ration, uniq_menkaure, uniq_ijyb,
          uniq_blork_the_orc

Skill      XL: |  1  2  3  4  5  6  7 |
---------------+----------------------+-----
Invocations    | 1 2 |  2.8
Short Blades   | 1 2 |  2.5
Axes           | 1 2 |  2.5
Maces & Flails | 1 2 |  2.5
Polearms       | 1 2 |  2.5
Staves         | 1 2 |  2.5
Slings         | 1 2 |  2.5
Bows           | 1 2 |  2.5
Crossbows      | 1 2 |  2.5
Throwing       | 1 2 |  2.5
Dodging        | 1 2 |  2.5
Stealth        | 1 2 |  2.5
Unarmed Combat | 1 2 |  2.5
Spellcasting   | 1 2 |  2.5
Evocations     | 1 2 |  2.5
Conjurations   | 1 2 |  2.0
Hexes          | 1 2 |  2.0
Charms         | 1 2 |  2.0
Summonings     | 1 2 |  2.0
Necromancy     | 1 2 |  2.0
Translocations | 1 2 |  2.0
Transmutations | 1 2 |  2.0
Fire Magic     | 1 2 |  2.0
Ice Magic      | 1 2 |  2.0
Air Magic      | 1 2 |  2.0
Earth Magic    | 1 2 |  2.0
Poison Magic   | 1 2 |  2.0
Long Blades    | 5 |  5.2
Fighting       | 7 |  7.0
Armour         | 7 |  7.0
Shields        | 7 |  7.0

Action                   |  1- 3 |  4- 6 |  7- 9 || total
-------------------------+-------+-------+-------++-------
Melee: Long sword        |    86 |   173 |    12 ||   271
       Bite              |    10 |    29 |       ||    39
Evoke: Wand              |       |     1 |     4 ||     5
  Use: Potion            |       |     2 |     2 ||     4
  Eat: Chunk             |     1 |     6 |     1 ||     8
Armor: Scale mail        |    27 |    72 |     1 ||   100
Dodge: Dodged            |    29 |    63 |     6 ||    98
Block: Shield            |    57 |   112 |     6 ||   175
       Rpst.: Long sword |    11 |    25 |     1 ||    37

Table legend:
 A = Spawn XP
 B = Non-spawn XP
 C = Spawn XP percentage of total XP
 D = Spawn monster count
 E = Non-spawn monster count
 F = Spawn count percentage of total count
 G = Total turns spent on level
                    A         B        C        D         E        F      G
               +---------+---------+-------+---------+---------+-------+---------
         Total |       0 |     947 |   0.0 |       0 |      88 |   0.0 |  3437
               +---------+---------+-------+---------+---------+-------+---------
           D:1 |       0 |      54 |   0.0 |       0 |      21 |   0.0 |  1233
           D:2 |       0 |     111 |   0.0 |       0 |      25 |   0.0 |  1045
           D:3 |       0 |     331 |   0.0 |       0 |      37 |   0.0 |   997
           D:4 |       0 |     451 |   0.0 |       0 |       5 |   0.0 |   162
               +---------+---------+-------+---------+---------+-------+---------
